 Dungeon Crawl Stone Soup version 0.28-a0-1002-gf00fe891ef (webtiles) character file.

Game seed: 3801565174880809109

134 croobank the Covert (level 4, -2/21 HPs)
             Began as a Felid Delver on Dec 6, 2021.
             Was an Initiate of Ashenzari.
             Slain by Ijyb (3 damage)
             ... while paralysed by Ijyb
             ... on level 4 of the Dungeon.
             The game lasted 00:30:12 (3968 turns).

croobank the Covert (Felid Delver)                  Turns: 3968, Time: 00:30:12

Health: -2/21      AC:  1    Str: 10    XL:     4   Next: 95%
Magic:  5/5        EV:  4    Int: 11    God:    Ashenzari [......]
Gold:   185        SH:  0    Dex: 24    Spells: 3/3 levels left
                                        Lives:  0   Deaths: 1

rFire   . . .      SeeInvis +     - Unarmed
rCold   . . .      Faith    .   (shield unavailable)
rNeg    . . .      Spirit   .   (armour unavailable)
rPois   .          Reflect  .   (helmet unavailable)
rElec   .          Harm     .   (cloak unavailable)
rCorr   .          Rampage  .   (gloves unavailable)
Will    .....                   (boots unavailable)
Stlth   +++++.....              (no amulet)
HPRegen 0.07/turn               c - +6 ring of dexterity
MPRegen 0.09/turn               (no ring)

@: paralysed, studying Unarmed Combat, quick
A: very small, claws 1, fangs 3, see invisible, speed 1, shaggy fur 1, stealthy
paws, no weapons or thrown items, no armour, multi-lived
a: Renounce Religion


You were on level 4 of the Dungeon.
You worshipped Ashenzari.
Ashenzari was noncommittal.
You visited 1 branch of the dungeon, and saw 5 of its levels.

You collected 185 gold pieces.

Inventory:

Missiles
 g - 116 stones
Jewellery
 c - a +6 ring of dexterity (left paw)
Wands
 e - a wand of digging (2)
Scrolls
 a - a scroll of fog
 b - a scroll of enchant armour


   Skills:
 - Level 3.2 Fighting
 - Level 3.2 Dodging
 + Level 9.6 Stealth
 + Level 3.1 Unarmed Combat


You had 3 spell levels left.
You didn't know any spells.
Your spell library contained the following spells:

 Spells                   Type           Power      Damage    Failure   Level
 Animate Skeleton         Necr           0%         N/A       34%         1
 Apportation              Tloc           0%         N/A       34%         1
 Summon Small Mammal      Summ           0%         N/A       34%         1


Dungeon Overview and Level Annotations

Branches:
Dungeon (5/15)
 Temple: D:4-7

Altars:
Ashenzari
Okawaru
The Shining One

Annotations:
D:3 3 runed translucent doors, AttackTheMoon's ghost, amateur FoMo
D:4 Ijyb


Innate Abilities, Weirdness & Mutations

You have sharp claws.
You have razor-sharp teeth.
You have supernaturally acute eyesight. (SInv)
You cover ground quickly. (Speed+)
You are covered in fur. (AC +1)
Your paws help you pounce on unaware monsters.
You are incapable of wielding weapons or throwing items.
You cannot wear armour.
You gain extra lives every three experience levels.


Message History

Ijyb completely misses you.
You miss Ijyb.
Ijyb is lightly wounded.
Ijyb zaps a wand.
You suddenly lose the ability to move!
Ijyb hits you with a +0 dagger.
You can move again.
You scratch Ijyb. You bite Ijyb, but do no damage.
Ijyb is lightly wounded.
Ijyb hits you with a +0 dagger.
* * * LOW HITPOINT WARNING * * *
You feel much better. Ijyb hits you but does no damage.
You scratch Ijyb but do no damage.
Ijyb is lightly wounded.
Ijyb barely misses you.
You barely miss Ijyb.
Ijyb is lightly wounded.
The goblin skeleton closely misses you.
You scratch Ijyb.
Ijyb is moderately wounded.
Ijyb closely misses you. The goblin skeleton barely misses you.
You scratch Ijyb. You bite Ijyb, but do no damage.
Ijyb is moderately wounded.
Ijyb closely misses you.
You barely miss Ijyb.
Ijyb is moderately wounded.
Ijyb misses you. The goblin skeleton hits you.
You barely miss Ijyb.
Ijyb is moderately wounded.
Ijyb zaps a wand.
You suddenly lose the ability to move!
The goblin skeleton hits you but does no damage.
Ijyb hits you with a +0 dagger. The goblin skeleton hits you.
Ijyb hits you with a +0 dagger. The goblin skeleton hits you.
Ijyb hits you with a +0 dagger. x2
* * * LOW HITPOINT WARNING * * *
The goblin skeleton hits you but does no damage.
Ijyb hits you with a +0 dagger.
* * * LOW HITPOINT WARNING * * *
The goblin skeleton hits you but does no damage.
Ijyb hits you with a +0 dagger.
You die...

.....#....##.....##...#......##
.....#....#########...##......#
.....#...........##...##..######
.....##...............#####≈≈§≈#
.....##................#..#≈.≈≈#
.....#.................#..#≈≈.≈#
.....#.................'g.#≈.≈≈#
.....#..........Zg.....#..##'#
.....##...##....@##...##.....####
#######...##.....##+####..Z..##..
#....#......#.÷.##.....##..
#....#......#...'.....g.'..
#....#......'...#.......#..
#.>..+.....................
##..Z.#.............(.....##
#.....#........###.##.#...#
#....##.......####'####...#


You could see Ijyb and a goblin skeleton.

Vanquished Creatures
  A crimson imp (D:4)
  A bullfrog skeleton (D:4)
  2 hound skeletons (D:4)
  4 adders
  An adder skeleton (D:4)
  A worm (D:2)
  2 dart slugs
  8 ball pythons
  7 bats
  7 endoplasms
  2 giant cockroaches
  6 goblins
  8 hobgoblins
  5 jackals
  6 quokkas
  A frilled lizard (D:3)
  A goblin zombie (D:4)
  6 kobolds
  An orc skeleton (D:4)
  An orc zombie (D:4)
71 creatures vanquished.

Notes
Turn   | Place    | Note
-------+----------+-------------------------------------------
     0 | D:5      | croobank the Felid Delver began the quest for the Orb.
     0 | D:5      | Reached XP level 1. HP: 10/10 MP: 2/2
    15 | D:5      | Noticed a scorpion
    50 | D:5      | Noticed a necrophage
   177 | D:3      | Found an iron altar of Okawaru.
   303 | D:3      | Reached skill level 7 in Stealth
   369 | D:3      | Reached XP level 2. HP: 6/14 MP: 3/3
   375 | D:3      | Found a runed translucent gate.
   375 | D:3      | Found a runed translucent gate.
   375 | D:3      | Found a runed translucent gate.
   888 | D:1      | Reached XP level 3. HP: 12/17 MP: 4/4
  1429 | D:1      | Noticed a swamp worm
  1429 | D:1      | Noticed a rime drake
  1430 | D:1      | Noticed a polar bear
  1818 | D:2      | Reached XP level 4. HP: 10/21 MP: 5/5
  2069 | D:2      | Reached skill level 8 in Stealth
  2437 | D:2      | Found a faded altar of an unknown god.
  2553 | D:2      | Identified a scroll of acquirement
  2553 | D:2      | Acquired a manual of Unarmed Combat
  2897 | D:3      | Noticed AttackTheMoon's ghost (amateur FoMo)
  3385 | D:4      | Noticed Ijyb
  3400 | D:4      | Noticed a scorpion
  3405 | D:4      | Found a glowing golden altar of the Shining One.
  3514 | D:5      | Noticed a two-headed ogre
  3546 | D:4      | Reached skill level 9 in Stealth
  3546 | D:4      | Reached XP level 5. HP: 4/24 MP: 6/6
  3546 | D:4      | Slain by a hound skeleton
  3547 | D:4      | Reached XP level 4. HP: 0/21 MP: 5/5
  3547 | D:4      | Found a broken altar of Ashenzari.
  3577 | D:4      | Became a worshipper of Ashenzari the Shackled
  3953 | D:4      | Paralysed by Ijyb for 2 turns
  3962 | D:4      | Paralysed by Ijyb for 7 turns
  3967 | D:4      | HP: 1/21 [Ijyb (4)]
  3968 | D:4      | Slain by Ijyb

Illustrated notes

Levels and vault maps discovered:
D:1:      onia_arrival_zoo_common, layout_basic, hangedman_decor_growths
D:2:      layout_basic, basic_ecumenical_altar, corexii_shack
D:3:      layout_basic, mainiacjoe_overflow_tiny_flanked,
          gammafunk_ghost_necromancy
D:4:      layout_gridville, ashenzari_conservatory_becter,
          nicolae_tso_besieged_by_evil, kennysheep_generic_room_14, uniq_ijyb,
          uniq_grinder
D:5:      minmay_chambers_of_threes, layout_basic, kb_lookout_dungeons_type,
          minivault_23, chequers_serial_rivers_small_3

Skill      XL: |  1  2  3  4 |
---------------+-------------+-----
Stealth        | 7 9 |  9.6
Dodging        | 3 |  3.2
Unarmed Combat | 3 |  3.1
Fighting       | |  3.2

Action                   |  1- 3 |  4- 6 || total
-------------------------+-------+-------++-------
Melee: Unarmed           |   111 |   166 ||   277
       Bite              |     5 |    15 ||    20
       Punch             |       |     1 ||     1
Evoke: Wand              |     1 |       ||     1
  Use: Scroll            |     6 |     2 ||     8
       Potion            |     3 |     6 ||     9
 Stab: Sleeping          |    11 |     5 ||    16
Armor: Skin              |    14 |     7 ||    21
Dodge: Dodged            |   103 |   133 ||   236

Table legend: (Time is in decaauts)
 A = Elapsed time spent in this place.
 B = Non-inter-level travel time spent in this place.
 C = Inter-level travel time spent in this place.
 D = Time resting spent in this place.
 E = Time spent auto-exploring this place.
 F = Levels seen in this place.
 G = Mean time per level.
                   A        B        C        D        E       F      G
               +--------+--------+--------+--------+--------+-----+--------+
         Total |   3490 |   3419 |     71 |    878 |   1273 |   5 |  698.0 |
       Dungeon |   3490 |   3419 |     71 |    878 |   1273 |   5 |  698.0 |
               +--------+--------+--------+--------+--------+-----+--------+

Top non-repeatable levels by time:
     D:2: 1007 daAuts
     D:1: 981 daAuts
     D:3: 825 daAuts
     D:4: 514 daAuts
     D:5: 161 daAuts
